 Dungeon Crawl Stone Soup version 0.20-a0-526-g753eaab (webtiles) character file.

406 Klosterheim the Slasher (level 6, 0/51 HPs)
             Began as a Draconian Monk on Jan 26, 2017.
             Slain by an iguana (8 damage)
             ... on level 4 of the Dungeon.
             The game lasted 00:07:00 (3306 turns).

Klosterheim the Slasher (Draconian Monk)            Turns: 3306, Time: 00:07:01

Health: 0/51       AC:  8    Str: 23    XL:     6   Next: 56%
Magic:  0/6        EV: 12    Int: 15    God:
Gold:   142        SH:  3    Dex: 16    Spells: 5/5 levels left

rFire    . . .     SeeInvis .   a - +0 falchion
rCold    . . .     Gourm    .   (armour unavailable)
rNeg     . . .     Faith    .   k - +0 buckler
rPois    .         Spirit   +   (helmet restricted)
rElec    .         Reflect  .   c - +0 cloak
rCorr    .         Harm     .   p - +0 pair of gloves
MR       .....                  (no boots)
Stlth    ++........             n - amulet of guardian spirit
Regen    0.2/turn               f - +4 ring of strength
                                e - +6 ring of strength

@: brilliant
A: unfitting armour, cold-blooded, AC +6
a: no special abilities


You were on level 4 of the Dungeon.
You were not hungry.

You visited 1 branch of the dungeon, and saw 4 of its levels.

You collected 142 gold pieces.

Inventory:

Hand Weapons
 a - a +0 falchion (weapon)
Armour
 c - a +0 cloak (worn)
 k - a +0 buckler (worn)
 p - a +0 pair of gloves (worn)
Jewellery
 e - a +6 ring of strength (left hand)
 f - a +4 ring of strength (right hand)
 n - an amulet of guardian spirit (around neck)
 o - an uncursed ring of fire {unknown}
Scrolls
 d - a scroll of magic mapping
 i - 2 scrolls of remove curse
 j - a scroll of identify {unknown}
Potions
 h - 2 potions of agility {unknown}
 l - 2 potions of brilliance
Comestibles
 b - 5 bread rations
 g - 6 fruits
 m - a meat ration
 q - 2 royal jellies
 r - 5 chunks of flesh


   Skills:
 - Level 3.2 Fighting
 * Level 7.5 Long Blades
 - Level 2.6 Dodging
 - Level 1.7 Stealth


You had 5 spell levels left.
You didn't know any spells.

Dungeon Overview and Level Annotations

Branches:
Dungeon (4/15)
 Temple: D:4-7

Altars:
Elyvilon


Innate Abilities, Weirdness & Mutations

Your plain brown scales are hard. (AC +6)
You cannot fit into any form of body armour.
You are cold-blooded and may be slowed by cold attacks.


Message History

You are too injured to fight recklessly!
It was a potion of brilliance.
You feel clever all of a sudden. The iguana bites you.
* * * LOW HITPOINT WARNING * * *
You closely miss the iguana.
The iguana is heavily wounded.
The iguana bites you.
* * * LOW HITPOINT WARNING * * *
You closely miss the iguana.
Your tail-slap misses the iguana.
The iguana is heavily wounded.
The iguana bites you but does no damage.
You hit the iguana but do no damage.
The iguana is heavily wounded.
The iguana closely misses you.
You hit the iguana.
The iguana is almost dead.
The iguana hisses menacingly.
The iguana bites you!
You die...

## .#
.####
...#
#$.#
#l.#####
#.@#...#
#.#..#
#. #<.#
.. ##.#
.. #..
.. #.# .
.# #


You could see an iguana.

Vanquished Creatures
  Sigmund (D:3)
  A centaur (D:3)
  A scorpion (D:3)
  Terence (D:3)
  3 adders
  3 worms
  A dart slug (D:1)
  A leopard gecko (D:1)
  2 orcs (D:3)
  A giant cockroach (D:2)
  11 goblins
  9 hobgoblins
  8 jackals (D:1)
  6 kobolds
  2 quokkas
  4 bats
  4 frilled lizards
  6 rats
65 creatures vanquished.

Notes
Turn   | Place    | Note
-------+----------+-------------------------------------------
     0 | D:1      | Klosterheim the Draconian Monk began the quest for the Orb.
     0 | D:1      | Reached XP level 1. HP: 19/19 MP: 1/1
   134 | D:1      | Reached XP level 2. HP: 20/26 MP: 2/2
   539 | D:1      | Reached skill level 4 in Long Blades
   982 | D:2      | Reached XP level 3. HP: 19/31 MP: 3/3
  1588 | D:2      | Found a white marble altar of Elyvilon.
  1743 | D:2      | Reached XP level 4. HP: 38/38 MP: 4/4
  1770 | D:3      | Reached skill level 5 in Long Blades
  2451 | D:3      | Noticed Sigmund
  2515 | D:3      | Killed Sigmund
  2515 | D:3      | Reached skill level 6 in Long Blades
  2515 | D:3      | Reached XP level 5. HP: 15/45 MP: 1/5
  2515 | D:3      | Reached XP level 6. HP: 17/51 MP: 1/6
  2762 | D:3      | Noticed Terence
  2775 | D:3      | Killed Terence
  2775 | D:3      | Reached skill level 7 in Long Blades
  3306 | D:4      | Slain by an iguana

Vault maps used:
D:1:      sevenhm_arrival_forest_fort_large_4
D:2:      kennysheep_the_goblin_king, elyvilon_altar_3
D:3:      first_bread, uniq_sigmund, uniq_terence
D:4:      tgw_trog, lemuel_doored_altar, cheibriados_altar_1, uniq_edmund,
          uniq_blork_the_orc, uniq_menkaure, uniq_robin

Skill      XL: |  1  2  3  4  5  6 |
---------------+-------------------+-----
Long Blades    | 4 6 7 |  7.5
Fighting       | |  3.2
Dodging        | |  2.6
Stealth        | |  1.7

Action                   |  1- 3 |  4- 6 || total
-------------------------+-------+-------++-------
Melee: Falchion          |    99 |   119 ||   218
       Tailslap          |    15 |    22 ||    37
  Use: Scroll            |       |     5 ||     5
       Potion            |       |     1 ||     1
 Stab: Sleeping          |     5 |     1 ||     6
  Eat: Chunk             |     3 |     5 ||     8
Armor: Skin              |    26 |    29 ||    55
Dodge: Dodged            |    78 |    70 ||   148
Block: Buckler           |       |     8 ||     8
       Rpst.: Falchion   |    21 |    21 ||    42
